 Dungeon Crawl Stone Soup version 0.18.1-48-g4cf74bf (webtiles) character file.

191 KrisztiCat the Digger (level 5, -1/28 HPs)
             Began as a Gargoyle Earth Elementalist on July 9, 2016.
             Was an Initiate of Vehumet.
             Slain by nikopol's ghost (3 damage)
             ... on level 4 of the Dungeon.
             The game lasted 00:22:31 (2431 turns).

KrisztiCat the Digger (Gargoyle Earth Elementalist) Turns: 2431, Time: 00:22:32

Health: -1/28      AC:  9    Str: 12    XL:     5   Next: 70%
Magic:  5/11       EV: 15    Int: 16    God:    Vehumet [......]
Gold:   165        SH:  0    Dex: 10    Spells: 1 memorised, 12 levels left

rFire  . . .     SeeInvis .     s - +1 whip
rCold  . . .     Gourm    .     a - +1 robe
rNeg   + . .     Faith    .     (no shield)
rPois  ∞         Spirit   .     C - +2 hat
rElec  +         Dismiss  .     (no cloak)
rCorr  .         Reflect  .     (no gloves)
SustAt .         Harm     .     (no boots)
MR     .....                    (no amulet)
Stlth  ++........               (no ring)
                                D - +3 ring of evasion

@: exhausted, very slightly contaminated, hasted and slowed, not resistant to
hostile enchantments, unstealthy
A: negative energy resistance 1, electricity resistance, unbreathing,
petrification resistance, rot immunity, AC +4
a: Renounce Religion


You were on level 4 of the Dungeon.
You worshipped Vehumet.
Vehumet was noncommittal.
You were very hungry.

You visited 2 branches of the dungeon, and saw 5 of its levels.

You collected 165 gold pieces.

Inventory:

Hand Weapons
 h - a +0 dagger
 s - a +1 whip (weapon)
Missiles
 b - 89 stones (quivered)
Armour
 a - a +1 robe (worn)
 n - a +0 buckler
 C - a +2 hat (worn)
Jewellery
 D - a +3 ring of evasion (left hand)
Wands
 x - a wand of digging (1/24)
 B - a wand of paralysis (15/24)
Scrolls
 m - a scroll of amnesia
Potions
 i - a potion of brilliance
 q - 2 potions of mutation
 A - a potion of invisibility
Books
 c - a book of Geomancy

   Spells                             Type                      Level
   a - Sandblast                      Earth                        1
   b - Passwall                       Transmutation/Earth          2
   c - Stone Arrow                    Conjuration/Earth            3
   d - Petrify                        Transmutation/Earth          4
   e - Lee's Rapid Deconstruction     Earth                        5
Comestibles
 d - a bread ration
 g - 2 meat rations
 z - 5 fruits


   Skills:
 - Level 1.5 Dodging
 - Level 2.2 Stealth
 * Level 4.6 Spellcasting
   Level 0.7 Transmutations
 + Level 4.8 Earth Magic


You had 12 spell levels left.
You knew the following spells:

 Your Spells              Type           Power        Failure   Level  Hunger
a - Sandblast             Erth           ###...       1%          1    None


Dungeon Overview and Level Annotations

Branches:
Dungeon (4/15)             Temple (1/1) D:4

Altars:
Ashenzari
Dithmenos
Elyvilon
Fedhas
Gozag
Pakellas
Qazlal
Sif Muna
Trog
Vehumet
Xom
Yredelemnul
Zin

Annotations:
D:3 Aquadorian's ghost, amateur MiFi
D:4 nikopol's ghost, novice MiBe


Innate Abilities, Weirdness & Mutations

You are resistant to torment.
Your stone body is resilient (AC +4).
You are immune to poison.
You resist negative energy.
You are resistant to electric shocks.
You can survive without breathing.
You are immune to petrification.
You are immune to rotting.


Message History

Nikopol's ghost closely misses you.
Casting: Sandblast
Confirm with . or Enter, or press ? or * to list all spells.
Aiming: Sandblast
Press: ? - help, Shift-Dir - straight line, f/p - nikopol's ghost
Aim: nikopol's ghost (lightly damaged)
The blast of sand hits nikopol's ghost.
Nikopol's ghost is lightly damaged.
Nikopol's ghost screams in joy, "As in life, so in death: Kill!
Kill!!
Kill!!!"
Nikopol's ghost hits you!
* * * LOW HITPOINT WARNING * * *
Nikopol's ghost completely misses you.
Drink which item? (? for menu, Esc to quit)
You feel yourself speed up.
You are feeling very hungry.
Nikopol's ghost hits you.
* * * LOW HITPOINT WARNING * * *
You are very lightly contaminated with residual magic.
Nikopol's ghost hits you.
You die...

.......# .
......#...# ..
...... ?.. ...
...)# ..# ... ....
..# .. ..###'###
#####.#.#.....# ##
.......<#.⌠.⌠.#%...
#.###.#.'@W>..'.# #
#.#.⌠.⌠.#....
...#%....# .
#.#.###+### ...#.#
#.# #.. ... #.. ..
..


You could see nikopol's ghost.

Vanquished Creatures
  An orc wizard (D:3)
  7 gnolls
  An adder (D:2)
  An ooze (D:3)
  2 worms
  2 dart slugs
  A giant gecko (D:2)
  3 orcs (D:3)
  7 hobgoblins
  6 jackals (D:2)
  A quokka (D:3)
  3 ball pythons
  6 bats
  5 giant newts
  11 goblins
  14 kobolds
  8 rats
79 creatures vanquished.

Notes
Turn   | Place    | Note
--------------------------------------------------------------
     0 | D:1      | KrisztiCat the Gargoyle Earth Elementalist began the quest for the Orb.
     0 | D:1      | Reached XP level 1. HP: 10/10 MP: 3/3
   267 | D:1      | Reached XP level 2. HP: 15/15 MP: 0/5
   918 | D:2      | Reached XP level 3. HP: 19/19 MP: 1/7
  1233 | D:2      | Reached XP level 4. HP: 14/24 MP: 2/9
  1594 | D:3      | Found an oddly glowing altar of Pakellas.
  1653 | D:3      | Reached XP level 5. HP: 20/28 MP: 3/11
  2172 | D:3      | Noticed Aquadorian's ghost (amateur MiFi)
  2246 | D:4      | Noticed nikopol's ghost (novice MiBe)
  2246 | D:4      | Found a staircase to the Ecumenical Temple.
  2252 | Temple   | Entered the Ecumenical Temple
  2347 | Temple   | Became a worshipper of Vehumet
  2431 | D:4      | Slain by nikopol's ghost

Skill      XL: |  1  2  3  4 |
---------------+-------------+-----
Earth Magic    | 4 |  4.8
Spellcasting   | 3 4 |  4.6
Dodging        | |  1.5
Stealth        | |  2.2
Transmutations | |  0.7

Action                   |  1- 3 |  4- 6 || total
-------------------------+-------+-------++-------
Melee: Dagger            |    63 |       ||    63
       Whip              |       |    76 ||    76
 Cast: Sandblast         |    62 |    76 ||   138
  Use: Scroll            |       |    15 ||    15
       Potion            |       |     2 ||     2
 Stab: Sleeping          |     1 |     2 ||     3
  Eat: Chunk             |     1 |     4 ||     5
Armor: Robe              |    33 |    29 ||    62
Dodge: Dodged            |    66 |    85 ||   151
